 Dungeon Crawl Stone Soup version 0.19.1 (webtiles) character file.

194 dvd the Shield-Bearer (level 5, -9/47 HPs)
             Began as a Minotaur Fighter on Dec 7, 2016.
             Was an Initiate of Okawaru.
             Killed by divine providence
             ... invoked by an orc priest
              (14 damage)
             ... on level 4 of the Dungeon.
             The game lasted 00:05:59 (2119 turns).

dvd the Shield-Bearer (Minotaur Fighter)            Turns: 2119, Time: 00:06:00

Health: -9/47      AC:  8    Str: 20    XL:     5   Next: 44%
Magic:  4/4        EV:  8    Int:  5    God:    Okawaru [......]
Gold:   182        SH: 10    Dex: 11    Spells: 0 memorised, 4 levels left

rFire  . . .     SeeInvis .     a - +0 war axe
rCold  . . .     Gourm    .     b - +0 scale mail
rNeg   . . .     Faith    .     c - +0 shield
rPois  .         Spirit   .     (helmet restricted)
rElec  .         Reflect  .     (no cloak)
rCorr  .         Harm     .     g - +0 pair of gloves
MR     .....                    (no boots)
Stlth  ..........               (no amulet)
                                (no ring)
                                (no ring)

@: very slightly contaminated, hasted, very quick
A: retaliatory headbutt, horns 2
a: Renounce Religion


You were on level 4 of the Dungeon.
You worshipped Okawaru.
Okawaru was noncommittal.
You were not hungry.

You visited 1 branch of the dungeon, and saw 4 of its levels.

You collected 182 gold pieces.

Inventory:

Hand Weapons
 a - a +0 war axe (weapon)
 h - a +0 mace
Missiles
 r - 34 stones (quivered)
Armour
 b - a +0 scale mail (worn)
 c - a +0 shield (worn)
 g - a +0 pair of gloves (worn)
Scrolls
 e - 11 scrolls of identify {unknown}
 i - a scroll of enchant weapon {unknown}
 m - a scroll of immolation {unknown}
 n - a scroll of blinking {unknown}
Potions
 d - 2 potions of might
 l - a potion of flight
Comestibles
 f - 2 bread rations
 k - 2 chunks of flesh
 q - a royal jelly


   Skills:
 + Level 4.4 Fighting
 + Level 4.6 Axes
 + Level 4.3 Armour
 + Level 0.7 Dodging
 + Level 0.1 Stealth
 + Level 5.0 Shields


You had 4 spell levels left.
You didn't know any spells.

Dungeon Overview and Level Annotations

Branches:
Dungeon (4/15)
 Temple: D:4-7

Altars:
Okawaru
Trog
Xom
Yredelemnul
Zin


Innate Abilities, Weirdness & Mutations

You reflexively headbutt those who attack you in melee.
You have a pair of horns on your head.


Message History

The quokka bites you but does no damage.
You miss the quokka. Your headbutt misses the quokka. The quokka bites you.
You miss the quokka.
The orc priest calls down the wrath of Beogh upon you.
Beogh smites you!
* * * LOW HITPOINT WARNING * * *
You block the quokka's attack.
You completely miss the quokka. The quokka barely misses you.
You furiously retaliate!
You headbutt the quokka!
You kill the quokka!
Okawaru accepts your kill.
You closely miss the orc priest. You hit the orc but do no damage.
The orc priest hits you but does no damage.
The orc hits you but does no damage.
You barely miss the orc priest. You slash the orc!
You kill the orc!
Okawaru accepts your kill.
The orc priest mumbles some strange prayers to Beogh against you.
Beogh smites you!
You die...

####+####.#.#
#.#.# #.#.# #.#.#
#.####.#.###
#..........#
########....#
######...........#
#o.@....#####.≈≈.#
#oo###### #≈≈≈.#
#.))o..... ≈≈≈..#
#.ooo....# ≈≈#..#
#.......## ≈##....
#...$..##≈ ≈#
..### #.....## ##
#....##≈ #...##≈≈≈


You could see an orc priest, an orc wizard and 2 orcs.

Vanquished Creatures
  An orc priest (D:4)
  A hound (D:4)
  6 adders
  An ooze (D:1)
  2 dart slugs
  A leopard gecko (D:1)
  3 orcs
  2 ball pythons
  2 giant cockroaches
  7 goblins
  9 hobgoblins
  7 jackals
  8 kobolds
  2 quokkas
  10 bats
  A frilled lizard (D:3)
  6 rats
69 creatures vanquished.

Notes
Turn   | Place    | Note
-------+----------+-------------------------------------------
     0 | D:1      | dvd the Minotaur Fighter began the quest for the Orb.
     0 | D:1      | Reached XP level 1. HP: 19/19 MP: 0/0
   167 | D:1      | Reached XP level 2. HP: 26/27 MP: 1/1
   205 | D:1      | Reached skill level 4 in Shields
   776 | D:2      | Reached XP level 3. HP: 33/33 MP: 2/2
  1051 | D:2      | Reached XP level 4. HP: 33/40 MP: 3/3
  1245 | D:2      | Found a bloodstained altar of Trog.
  1245 | D:2      | Found an iron altar of Okawaru.
  1383 | D:2      | Became a worshipper of Warmaster Okawaru
  1673 | D:3      | Found a faded altar of an unknown god.
  1800 | D:3      | Found a basalt altar of Yredelemnul.
  1806 | D:3      | Found a shimmering altar of Xom.
  1807 | D:3      | Found a glowing silver altar of Zin.
  2098 | D:4      | Reached XP level 5. HP: 47/47 MP: 4/4
  2112 | D:4      | Reached skill level 5 in Shields
  2119 | D:4      | Killed from afar by an orc priest

Skill      XL: |  1  2  3  4  5 |
---------------+----------------+-----
Shields        | 4 5 |  5.0
Fighting       | 4 |  4.4
Axes           | 3 4 |  4.6
Armour         | 4 |  4.3
Dodging        | |  0.7
Stealth        | |  0.1

Action                   |  1- 3 |  4- 6 || total
-------------------------+-------+-------++-------
Melee: War axe           |    93 |    70 ||   163
       Headbutt          |     8 |     9 ||    17
  Use: Potion            |       |     4 ||     4
  Eat: Chunk             |     1 |     3 ||     4
Armor: Scale mail        |    51 |    46 ||    97
Dodge: Dodged            |    27 |    26 ||    53
Block: Shield            |    56 |    46 ||   102
